 Dungeon Crawl Stone Soup version 0.29-a0-380-gf50f0a9fbc (webtiles) character file.

Game seed: 4500654068061279743

56 Hubjo the Firebug (level 3, -4/20 HPs)
             Began as a Deep Elf Fire Elementalist on May 5, 2022.
             Was a High Priest of Ignis.
             Slain by a gnoll
             ... wielding a +0 club
              (8 damage)
             ... on level 1 of the Dungeon.
             The game lasted 00:03:03 (3066 turns).

Hubjo the Firebug (Deep Elf Fire Elementalist)      Turns: 3066, Time: 00:03:04

Health: -4/20      AC:  2    Str:  5    XL:     3   Next: 71%
Magic:  7/10       EV: 13    Int: 19    God:    Ignis [*****.]
Gold:   118        SH:  0    Dex: 17    Spells: 8/9 levels left

rFire   + . .      SeeInvis .   (no weapon)
rCold   . . .      Faith    .   (no shield)
rNeg    . . .      Spirit   .   a - +0 robe
rPois   .          Reflect  .   (no helmet)
rElec   .          Harm     .   (no cloak)
rCorr   .          Rampage  .   (no gloves)
Will    .....                   (no boots)
Stlth   ++........              (no amulet)
HPRegen 0.06/turn               f - +4 ring of slaying
MPRegen 0.12/turn               (no ring)

@: no status effects
A: no striking features
a: Renounce Religion, Fiery Armour, Foxfire Swarm, Rising Flame


You were on level 1 of the Dungeon.
You worshipped Ignis.
Ignis was extremely pleased with you.
You visited 1 branch of the dungeon, and saw 2 of its levels.

You collected 118 gold pieces.

Inventory:

Armour
 a - a +0 robe (worn)
Jewellery
 f - a +4 ring of slaying (left hand)
Scrolls
 d - 2 scrolls of identify {unknown}
 g - a scroll of teleportation {unknown}
 h - a scroll of brand weapon {unknown}
 i - a scroll of enchant armour {unknown}
Potions
 b - 2 potions of magic
 c - a potion of mutation {unknown}
 e - a potion of cancellation {unknown}
 j - 2 potions of curing {unknown}
 k - a potion of flight {unknown}


   Skills:
 * Level 1.5 Fighting
 - Level 2.4 Dodging
 + Level 3.2 Stealth
 + Level 3.6 Spellcasting
 - Level 1.1 Conjurations
 + Level 3.7 Fire Magic


You had 8 spell levels left.
You knew the following spells:

 Your Spells              Type           Power      Damage    Failure   Level
a - Foxfire               Conj/Fire      48%        2x1d6     5%          1

Your spell library contained the following spells:

 Spells                   Type           Power      Damage    Failure   Level
 Scorch                   Fire           34%        2d6       4%          2
 Animate Skeleton         Necr           6%         N/A       14%         1
 Pain                     Necr           12%        1d4       14%         1
 Slow                     Hex            12%        N/A       14%         1
 Conjure Flame            Conj/Fire      12%        6-21      16%         3
 Inner Flame              Hex/Fire       10%        N/A       21%         3
 Confusing Touch          Hex            3%         N/A       38%         3
 Vampiric Draining        Necr           3%         2d6       38%         3
 Flame Wave               Conj/Fire      12%        2d6       45%         4


Dungeon Overview and Level Annotations

Branches:
Dungeon (2/15)

Altars:
Kikubaaqudgha
Ignis


Message History

Your foxfire dissipates! x2
Your foxfire dissipates!
Things that are here:
a +0 club; a +0 hunting sling
d - 2 scrolls labelled BELUSE KULA (gained 1)
You now have 106 gold pieces (gained 6).
Found a stone staircase leading up.
Found an ancient bone altar of Kikubaaqudgha.
Found a ring mail.
There is a stone staircase leading down here.
You see here a +0 ring mail.
You now have 118 gold pieces (gained 12). 2 gnolls come into view.
The gnoll shouts! x2; You hear a shout!
You conjure some foxfire!
The gnoll barely misses you.
A gnoll comes into view. It is wielding a +0 club.
There is not enough space to conjure foxfire!
Your foxfire dissipates!
The foxfire hits the gnoll but does no damage.
A gnoll is nearby!
There is a stone staircase leading up here.
The gnoll hits you with a +0 club.
You climb upwards.
There is a stone staircase leading down here.
You conjure some foxfire!
The gnoll hits you with a +0 club!
The foxfire hits the gnoll.
The gnoll is moderately wounded.
The foxfire hits the gnoll but does no damage.
The gnoll is moderately wounded.
You are too injured to fight recklessly!
Casting: Foxfire (safe; 5% risk of failure)
Confirm with . or Enter, or press ? or * to list all spells.
You conjure some foxfire!
The gnoll misses you.
Casting: Foxfire (safe; 5% risk of failure)
Confirm with . or Enter, or press ? or * to list all spells.
You conjure some foxfire!
The gnoll hits you with a +0 club.
* * * LOW HITPOINT WARNING * * *
Your foxfire dissipates!
The gnoll attacks as you move away! The gnoll hits you with a +0 club!
You die...

#######...## ##.##.......##♣.♣
#.....##.######⌠.⌠##.###....♣.♣
#.###.##.>....##.##.....†.##♣.♣##
#.# #........###..........# ♣.♣..
#.# #######.#.............# ♣.♣##
#.# #.#.#.#.......#)###..# #.#
#.#..#...........###.## #.#
#.#.#..§......#........ #.#
####.#.##@v§.....#.####.## #.#
##....#.##gvv.....#.####.## #.##
#.###.#.##.###...........##
...####.###........#####.########
#.......##.........# #.# #
#...####....#.##...# #.# #
#...........#.##...# #.# #
##..#######.#.#....# #.# #
#..#######.#...#..#####.#### #


You could see a gnoll (ally target).

Vanquished Creatures
  An adder (D:2)
  A worm (D:2)
  A dart slug (D:1)
  3 ball pythons (D:1)
  5 endoplasms
  3 giant cockroaches (D:1)
  2 hobgoblins (D:1)
  4 jackals (D:1)
  5 quokkas (D:1)
  3 bats (D:1)
  A frilled lizard (D:1)
  3 goblins
  3 kobolds
  4 rats
39 creatures vanquished.

Vanquished Creatures (collateral kills)
  15 foxfires (D:1)
15 creatures vanquished.

Vanquished Creatures (others)
  190 foxfires
190 creatures vanquished.

Grand Total: 244 creatures vanquished

Notes
Turn   | Place    | Note
-------+----------+-------------------------------------------
     0 | D:1      | Hubjo the Deep Elf Fire Elementalist began the quest for
                  | the Orb.
     0 | D:1      | Reached XP level 1. HP: 10/10 MP: 6/6
   471 | D:1      | Reached XP level 2. HP: 16/16 MP: 4/8
   747 | D:1      | Reached skill level 1 in Fighting
  1213 | D:1      | Found a faded altar of an unknown god.
  1248 | D:1      | Prayed at the altar of an unknown god.
  1248 | D:1      | Became a worshipper of Ignis, the Dying Flame
  1571 | D:1      | Reached XP level 3. HP: 20/20 MP: 3/9
  2941 | D:2      | Found an ancient bone altar of Kikubaaqudgha.
  3066 | D:1      | Slain by a gnoll

Illustrated notes

Levels and vault maps discovered:
D:1:      lightli_arrival_boilingwater, layout_loops_ring,
          ebering_ecumenical_altar_hall, serial_forest,
          infiniplex_forest_corner_1, infiniplex_forest_straight_2,
          infiniplex_forest_zigzag_2, infiniplex_forest_straight_2,
          infiniplex_forest_straight_5, infiniplex_forest_straight_3,
          minmay_misc_feat_hallway
D:2:      layout_loops_ring, basic_altar, minmay_distorted

Skill      XL: |  1  2 |
---------------+-------+-----
Fighting       | 1 |  1.5
Stealth        | 3 |  3.2
Dodging        | |  2.4
Spellcasting   | |  3.6
Conjurations   | |  1.1
Fire Magic     | |  3.7

Action                   || total
-------------------------++-------
Melee: Unarmed           ||     9
 Cast: Foxfire           ||   143
Armor: Robe              ||     6
Dodge: Dodged            ||    39

Table legend: (Time is in decaauts)
 A = Elapsed time spent in this place.
 B = Non-inter-level travel time spent in this place.
 C = Inter-level travel time spent in this place.
 D = Time resting spent in this place.
 E = Time spent auto-exploring this place.
 F = Levels seen in this place.
 G = Mean time per level.
                   A        B        C        D        E       F      G
               +--------+--------+--------+--------+--------+-----+--------+
         Total |   3067 |   3013 |     54 |      0 |   2674 |   2 | 1533.5 |
       Dungeon |   3067 |   3013 |     54 |      0 |   2674 |   2 | 1533.5 |
               +--------+--------+--------+--------+--------+-----+--------+

Top non-repeatable levels by time:
     D:1: 2068 daAuts
     D:2: 998 daAuts
